 Dungeon Crawl Stone Soup version 0.25-a0-364-ge76b031 (webtiles) character file.

Game seed: 15358525012618336639, levelgen mode: deterministic

2475 Birdy the Cleaver (level 9, -3/61 HPs)
             Began as a Formicid Gladiator on Jan 5, 2020.
             Was a Follower of Wu Jian.
             Slain by a big kobold
             ... wielding a +6 short sword of distortion
              (5 damage)
             ... on level 5 of the Dungeon.
             The game lasted 00:11:40 (7099 turns).

Birdy the Cleaver (Formicid Gladiator)              Turns: 7099, Time: 00:11:41

Health: -3/61      AC:  8    Str: 18    XL:     9   Next: 80%
Magic:  9/9        EV: 13    Int:  9    God:    Wu Jian [*.....]
Gold:   257        SH:  0    Dex: 15    Spells: 8/8 levels left

rFire    . . .     SeeInvis +   h - +0 hand axe (vamp)
rCold    . . .     Gourm    .   (no shield)
rNeg     . . .     Faith    .   b - +0 leather armour
rPois    .         Spirit   .   (helmet unavailable)
rElec    .         Reflect  .   g - +0 cloak
rCorr    .         Harm     .   (no gloves)
MR       +....                  (no boots)
Stlth    +.........             (no amulet)
HPRegen  0.20/turn              f - ring of protection from magic
MPRegen  0.11/turn              l - +4 ring of protection

@: no status effects
A: permanent stasis, dig shafts and tunnels, four strong arms, antennae 3
a: Dig, Shaft Self, Renounce Religion


You were on level 5 of the Dungeon.
You worshipped Wu Jian.
Wu Jian was aware of your devotion.
You were near starving.

You visited 2 branches of the dungeon, and saw 7 of its levels.

You collected 257 gold pieces.

Inventory:

Hand Weapons
 a - a +0 war axe
 h - a +0 vampiric hand axe (weapon)
Missiles
 i - 6 boomerangs (quivered)
Armour
 b - a +0 leather armour (worn)
 g - a +0 cloak (worn)
Jewellery
 e - an uncursed ring of stealth
 f - a ring of protection from magic (left hand)
 j - an uncursed ring of resist corrosion
 k - an uncursed ring of fire
 l - a +4 ring of protection (right hand)
Scrolls
 o - 4 scrolls of remove curse
 r - a scroll of magic mapping
Potions
 m - a potion of flight
Comestibles
 d - 8 rations


   Skills:
 - Level 2.1 Fighting
 + Level 12.5 Axes
 - Level 2.0 Throwing
 - Level 2.6 Dodging


You had 8 spell levels left.
You didn't know any spells.
Your spell library was empty.

Dungeon Overview and Level Annotations

Branches:
Dungeon (6/15)             Temple (1/1) D:5

Altars:
Ashenzari
Cheibriados
Dithmenos
Fedhas
Gozag
Hepliaklqana
Kikubaaqudgha
Makhleb
Nemelex Xobeh
Okawaru
Qazlal
Sif Muna
Trog
Uskayaw
Vehumet
Wu Jian
Xom
Yredelemnul
Zin
The Shining One

Annotations:
D:6 Chimkentus's ghost, novice OpEE


Innate Abilities, Weirdness & Mutations

You cannot be hasted, slowed, berserked, paralysed or teleported.
You can dig through walls and to a lower floor.
Your four strong arms can wield two-handed weapons with a shield.
You have a pair of large antennae on your head. (SInv)


Message History

Chimkentus's ghost shouts, "Very impressive.
But it won't help.
Nothing will."
There is an open door here.
The big kobold throws a stone.
The stone hits you but does no damage.
You see here a stone.
There is an open door here.
There is an escape hatch in the ceiling here.
The big kobold hits you with a +6 short sword of distortion!
* * * LOW HITPOINT WARNING * * *
Space bends around you.
* * * LOW HITPOINT WARNING * * *
A mysterious force pulls you upwards. The hatch slams shut behind you.
Okay, then.
Okay, then.
Are you sure you want to shaft yourself?
You are near starving!
The big kobold hits you but does no damage.
You feel a strange sense of stasis.
You begin to dig a shaft.
You continue digging a shaft.
The big kobold hits you with a +6 short sword of distortion.
You die...

○.°°#...##☼°§###...####.#........
§§☼§#...#.§§○☼##...####..........
§§..#.≈.##○§§###.................
☼§°.#...###§####....####>.......#
#####...###########.####........#
#####'''########......##........#
...............####.#.####......#
#######........####..<#####.#####
#........+@K...............
#........###########..#####
#.###....# #######.....(.
#.###....# #.......#####.
#........# #.###########.
########## #.............
#.############ #.# ###


You could see a big kobold.

Vanquished Creatures
  Pikel (D:4)
  Sigmund (D:3)
  A phantom (D:6)
  An ice beast (D:5)
  A slave (D:4)
  An orc warrior (D:6)
  5 ogres
  3 centaurs
  4 big kobolds (D:6)
  A bullfrog (D:6)
  2 crimson imps
  2 howler monkeys (D:4)
  A centaur zombie (D:5)
  A hound (D:6)
  Crazy Yiuf (D:2)
  A bullfrog skeleton (D:4)
  Jessica (D:2)
  An orc wizard (D:4)
  4 worker ants
  4 adders
  8 gnolls
  An ooze (D:4)
  3 worms (D:3)
  2 dart slugs
  3 leopard geckos
  13 orcs
  8 giant cockroaches
  18 goblins
  8 hobgoblins
  3 jackals (D:5)
  A ball python (D:1)
  6 bats
  7 frilled lizards
  A kobold (D:3)
  A quokka skeleton (D:5)
  7 rats
127 creatures vanquished.

Notes
Turn   | Place    | Note
-------+----------+-------------------------------------------
     0 | D:1      | Birdy the Formicid Gladiator began the quest for the Orb.
     0 | D:1      | Reached XP level 1. HP: 16/16 MP: 1/1
   182 | D:1      | Reached XP level 2. HP: 17/22 MP: 2/2
   605 | D:1      | Reached skill level 4 in Axes
   605 | D:1      | Reached XP level 3. HP: 21/27 MP: 3/3
  1075 | D:2      | Found a runed translucent door.
  1076 | D:2      | Noticed Crazy Yiuf
  1085 | D:2      | Killed Crazy Yiuf
  1085 | D:2      | Reached XP level 4. HP: 19/33 MP: 4/4
  1551 | D:2      | Noticed Jessica
  1563 | D:2      | Killed Jessica
  1563 | D:2      | Reached skill level 5 in Axes
  1615 | D:2      | Reached XP level 5. HP: 19/38 MP: 5/5
  2119 | D:3      | Noticed Sigmund
  2137 | D:3      | Killed Sigmund
  2137 | D:3      | Reached skill level 6 in Axes
  2137 | D:3      | Reached XP level 6. HP: 17/44 MP: 6/6
  2486 | D:3      | Reached skill level 7 in Axes
  3154 | D:3      | Found a stormy altar of Qazlal.
  3463 | D:4      | Reached XP level 7. HP: 37/50 MP: 7/7
  4074 | D:4      | Reached skill level 8 in Axes
  4213 | D:4      | Found an opulent altar of Gozag.
  4220 | D:4      | Noticed Pikel
  4813 | D:4      | Reached XP level 8. HP: 56/56 MP: 8/8
  5056 | D:4      | Killed Pikel
  5056 | D:4      | Reached skill level 10 in Axes
  5212 | D:5      | Entered Level 5 of the Dungeon
  5252 | D:5      | Found a staircase to the Ecumenical Temple.
  5258 | Temple   | Entered the Ecumenical Temple
  5294 | Temple   | Became a worshipper of the Wu Jian Council
  5749 | D:5      | Reached XP level 9. HP: 25/61 MP: 9/9
  5767 | D:5      | Reached skill level 11 in Axes
  6148 | D:5      | Found a glowing golden altar of the Shining One.
  6257 | D:5      | Found a sparkling altar of Nemelex Xobeh.
  6531 | D:6      | Reached skill level 12 in Axes
  6598 | D:6      | Reached * piety under Wu Jian
  6848 | D:6      | Found a blossoming altar of Fedhas.
  6970 | D:6      | Found a runed translucent gate.
  6971 | D:6      | Found a runed translucent gate.
  6971 | D:6      | Noticed Chimkentus's ghost (novice OpEE)
  6971 | D:6      | Identified the +7 dagger "Xoideopn" {pain, rElec Str+3
                  | Int+2}
  6972 | D:6      | Found a runed translucent gate.
  7096 | D:6      | HP: 1/61 [big kobold/+6 short sword of distortion (3)]
  7099 | D:5      | Slain by a big kobold

Levels and vault maps discovered:
D:1:      roderic_crop_circles_arrival_small, layout_loops_ring,
          minmay_statues_item
D:2:      layout_basic, grunt_decor_one_mirror, uniq_crazy_yiuf_cottage,
          uniq_jessica
D:3:      kennysheep_the_goblin_king, layout_basic, lemuel_doored_altar,
          uniq_sigmund
D:4:      layout_loops_ring, grunt_gozag_statues, first_ration,
          skrybe_limestone_x, corexii_checkpoint_a, chequers_decorated_corner,
          uniq_pikel
D:5:      layout_basic, nemelex_altar_shiori, tso_metal_star,
          minmay_temple_entry_wispy
D:6:      layout_basic, gammafunk_ghost_nasty_kobolds, fedhas_altar_1
Temple:   compressed_dpeg_circular_temple

Skill      XL: |  1  2  3  4  5  6  7  8  9 |
---------------+----------------------------+-----
Axes           | 4 5 6 7 8 10 12 | 12.5
Fighting       | |  2.1
Throwing       | |  2.0
Dodging        | |  2.6

Action                   |  1- 3 |  4- 6 |  7- 9 || total
-------------------------+-------+-------+-------++-------
Melee: War axe           |    72 |   150 |     7 ||   229
       Hand axe          |       |       |   376 ||   376
Throw: Throwing net      |       |       |     5 ||     5
       Boomerang         |       |       |     2 ||     2
Invok: Lunge             |       |       |     9 ||     9
       Whirlwind         |       |       |     1 ||     1
 Abil: Dig               |       |       |     2 ||     2
       Shaft Self        |       |       |     1 ||     1
  Use: Scroll            |     1 |     2 |     3 ||     6
       Potion            |       |     4 |     5 ||     9
 Stab: Sleeping          |     1 |       |     6 ||     7
       Held in net/web   |       |       |     2 ||     2
  Eat: Chunk             |       |     8 |    11 ||    19
Armor: Leather armour    |    25 |    35 |    56 ||   116
       Skin              |       |       |    34 ||    34
Dodge: Dodged            |    78 |   118 |   190 ||   386

Table legend:
 A = Non-vault XP
 B = Vault XP
 C = Vault XP percentage of total XP
 D = Non-vault monster count
 E = Vault monster count
 F = Vault count percentage of total count
                 A         B        C        D         E       F
            +---------+---------+-------+---------+---------+-------
      Total |    2223 |    1314 |  37.2 |     109 |      17 |  13.5
            +---------+---------+-------+---------+---------+-------
        D:1 |      35 |       0 |   0.0 |      19 |       0 |   0.0
        D:2 |      65 |      76 |  53.9 |       9 |       2 |  18.2
        D:3 |      85 |     231 |  73.1 |      29 |       8 |  21.6
        D:4 |     554 |     613 |  52.5 |      22 |       3 |  12.0
        D:5 |     710 |       0 |   0.0 |      13 |       0 |   0.0
        D:6 |     774 |     394 |  33.7 |      17 |       4 |  19.0
            +---------+---------+-------+---------+---------+-------
